 Dungeon Crawl Stone Soup version 0.23.0 (webtiles) character file.

Game seed: 16863392932621334701

530 Infinimo the Ruffian (level 7, -1/37 HPs)
             Began as a Vine Stalker Fighter on Feb 16, 2019.
             Was an Initiate of Gozag.
             Shot with an arrow by a centaur (4 damage)
             ... on level 5 of the Dungeon.
             The game lasted 00:03:44 (3494 turns).

Infinimo the Ruffian (Vine Stalker Fighter)         Turns: 3494, Time: 00:03:45

Health: -1/37      AC:  8    Str: 20    XL:     7   Next: 24%
Magic:  0/8        EV:  7    Int:  8    God:    Gozag
Gold:   445        SH:  9    Dex: 14    Spells: 6/6 levels left

rFire    + . .     SeeInvis .     - Unarmed
rCold    + . .     Gourm    .   b - +0 shield
rNeg     . . .     Faith    .   a - +2 scale mail
rPois    .         Spirit   +   (no helmet)
rElec    .         Reflect  .   o - scarf {rC+ rF+}
rCorr    .         Harm     .   (no gloves)
MR       .....                  (no boots)
Stlth    ..........             (no amulet)
HPRegen  0.52/turn              (no ring)
MPRegen  0.11/turn              (no ring)

@: no status effects
A: fangs 2, regeneration 1, magic shield, antimagic bite, no potion heal 3, rot
immunity
a: Potion Petition, Call Merchant, Bribe Branch, Renounce Religion


You were on level 5 of the Dungeon.
You worshipped Gozag.
Gozag was aware of your devotion.
You were very hungry.

You visited 1 branch of the dungeon, and saw 5 of its levels.

You collected 462 gold pieces.
You paid 17 gold pieces to Gozag.

Inventory:

Armour
 a - a +2 scale mail (worn)
 b - a +0 shield (worn)
 o - a scarf of resistance (worn)
 s - a +1 pair of gloves
Jewellery
 n - a cursed amulet of inaccuracy {unknown}
 q - an uncursed ring of poison resistance {unknown}
Scrolls
 g - a scroll of enchant armour
 h - 3 scrolls of teleportation {unknown}
 k - 3 scrolls of amnesia
 l - 2 scrolls of identify
Potions
 c - 2 potions of might
 e - 2 potions of haste {unknown}
 f - 4 potions of curing
 i - a potion of mutation
 j - 2 potions of lignification
 m - 2 potions of heal wounds {unknown}
 p - a potion of degeneration {unknown}
 r - a potion of brilliance {unknown}
Comestibles
 d - 8 rations


   Skills:
 + Level 4.0 Fighting
 + Level 3.6 Armour
 + Level 4.0 Shields
 * Level 5.1 Unarmed Combat


You had 6 spell levels left.
You didn't know any spells.
Your spell library contained the following spells:

 Spells                   Type           Power        Failure   Level  Hunger
 Corona                   Hex            #......      99%         1    ##.....
 Ensorcelled Hibernation  Hex/Ice        #.....       100%        2    ###....
 Confuse                  Hex            #.......     100%        3    ####...
 Dazzling Spray           Conj/Hex       #.....       100%        3    ####...
 Tukima's Dance           Hex            #.......     100%        3    ####...


Dungeon Overview and Level Annotations

Branches:
Dungeon (5/15)
 Temple: D:4-7

Altars:
Gozag
Hepliaklqana
Ru
Trog


Innate Abilities, Weirdness & Mutations

You have extremely sharp teeth.
Your natural rate of healing is unusually fast.
When hurt, damage is shared between your health and your magic reserves.
Your bite disrupts and absorbs the magic of your enemies.
Potions cannot restore your health.
You are immune to rotting.


Message History

5 gold pieces; a +0 spear You block the centaur's attack.
The gnoll hits you with a +0 halberd!
Your scale mail prevents you from hitting the centaur.
You bite the centaur, but do no damage. The centaur hits you. x2
Your shield and scale mail prevent you from hitting the centaur.
You bite the centaur, but do no damage. You block the centaur's attack.
The gnoll hits you with a +0 halberd! You block the gnoll's attack.
You block the centaur's attack.
The centaur wields a +0 shortbow.
The centaur shoots an arrow.
The arrow hits you!
* * * LOW HITPOINT WARNING * * *
The gnoll hits you from afar with a +0 halberd.
* * * LOW HITPOINT WARNING * * *
The gnoll hits you from afar with a +0 halberd!
* * * LOW HITPOINT WARNING * * *
Things that are here:
4 gold pieces; 2 arrows; a +0 flail The centaur shoots an arrow.
The arrow hits you.
You die...
Your body crumbles into a pile of gold.

## . #. ....### ##### #.
.......### ##...###.
....##.#.. ##.....##.
.........## #.......#<
#<........# #..._.....
##......#g###### #.......#.
........lc$$@..######.....##.
#......#g####....#.##...##.)
#......#.# ####....######.#
#......#.# #..#......#.#
#.####...# #....##.......#
.....(............###.....###
.#.#####.#.######..##.#.#.#
#.#$.. ........#.###
..#........####.......


You could see a centaur, an iguana and 2 gnolls.

Vanquished Creatures
  A phantom (D:4)
  A scorpion (D:4)
  A hound (D:4)
  An orc priest (D:4)
  Terence (D:3)
  4 orc wizards
  3 worker ants
  3 adders
  2 gnolls (D:5)
  An ooze (D:2)
  2 worms
  4 leopard geckos
  6 orcs
  3 ball pythons
  6 bats
  3 giant cockroaches
  8 goblins
  7 hobgoblins
  4 jackals
  2 quokkas
  5 frilled lizards
  11 kobolds
  A leopard gecko skeleton (D:4)
  7 rats
87 creatures vanquished.

Notes
Turn   | Place    | Note
-------+----------+-------------------------------------------
     0 | D:1      | Infinimo the Vine Stalker Fighter began the quest for the
                  | Orb.
     0 | D:1      | Reached XP level 1. HP: 11/11 MP: 2/2
   348 | D:1      | Reached XP level 2. HP: 16/16 MP: 3/3
  1069 | D:2      | Reached XP level 3. HP: 14/19 MP: 2/4
  1464 | D:2      | Found a bloodstained altar of Trog.
  1522 | D:2      | Reached skill level 3 in Unarmed Combat
  1522 | D:2      | Gained mutation: Your natural rate of healing is unusually
                  | fast. [Vine Stalker growth]
  1522 | D:2      | Reached XP level 4. HP: 24/24 MP: 5/5
  1763 | D:2      | Found an opulent altar of Gozag.
  1774 | D:2      | Became a worshipper of Gozag Ym Sagoz the Greedy
  1906 | D:3      | Noticed Terence
  1934 | D:3      | Killed Terence
  2032 | D:3      | Reached XP level 5. HP: 25/28 MP: 4/6
  2115 | D:3      | Found a sacrificial altar of Ru.
  2538 | D:3      | Reached skill level 4 in Unarmed Combat
  2552 | D:3      | Found a faded altar of an unknown god.
  2770 | D:4      | Reached XP level 6. HP: 32/32 MP: 7/7
  3119 | D:4      | Noticed a phantom
  3145 | D:4      | Killed a phantom
  3145 | D:4      | Reached XP level 7. HP: 30/37 MP: 8/8
  3289 | D:4      | Reached skill level 5 in Unarmed Combat
  3339 | D:5      | Entered Level 5 of the Dungeon
  3358 | D:5      | Found a hazy altar of Hepliaklqana.
  3494 | D:5      | Shot with an arrow by a centaur

Skill      XL: |  1  2  3  4  5  6  7 |
---------------+----------------------+-----
Fighting       | 3 4 |  4.0
Shields        | 3 4 |  4.0
Unarmed Combat | 3 4 5 |  5.1
Armour         | 3 |  3.6

Action                   |  1- 3 |  4- 6 |  7- 9 || total
-------------------------+-------+-------+-------++-------
Melee: Unarmed           |   120 |   243 |    20 ||   383
       Bite              |    28 |    75 |     9 ||   112
  Use: Scroll            |       |     9 |       ||     9
  Eat: Chunk             |     2 |     2 |       ||     4
       Ration            |       |     1 |       ||     1
Armor: Scale mail        |    35 |    87 |     3 ||   125
Dodge: Dodged            |    26 |    50 |     9 ||    85
Block: Shield            |    56 |    90 |    11 ||   157
